| TOP OF THE 1ST |
|
Cincinnati Reds batting - Pitching for Orlando Devil Rays : RHP Eric King
|
|
Pitching: RHP Eric King
|
|
|
Batting: LHB Fernando Vina
|
0-0: Ball 1-0: Called Strike 1-1: Called Strike 1-2: Ball 2-2: Foul Ball, location: 2F 2-2: Ball 3-2: SINGLE (Groundball, 34D, EV 109.4 MPH)
|
|
Batting: RHB Scott Rolen
|
0-0: Called Strike 0-1: Fly out, F8 (Flyball, 8LXD, EV 97.5 MPH)
|
|
Batting: SHB Bernie Williams
|
0-0: Ball Fernando Vina steals 2nd base 1-0: Called Strike 1-1: Called Strike 1-2: Fly out, F9 (Flyball, 89S, EV 72.5 MPH)
|
|
Batting: LHB Bobby Higginson
|
0-0: Ball 1-0: Ball 2-0: Called Strike 2-1: Called Strike 2-2: Ball 3-2: Base on Balls
|
|
Batting: RHB Javy Lopez
|
0-0: Called Strike 0-1: Foul Ball, location: 2F 0-2: Ball 1-2: Ball 2-2: Strikes out looking
|
| Top of the 1st over - 0 runs, 1 hit, 0 errors, 2 left on base; Cincinnati 0 - Orlando 0 |
| BOTTOM OF THE 1ST |
|
Orlando Devil Rays batting - Pitching for Cincinnati Reds : RHP Mike Mussina
|
|
Pitching: RHP Mike Mussina
|
|
|
Batting: RHB Ron Gant
|
0-0: Called Strike 0-1: Bunt - Flyout to 23! F3
|
|
Batting: RHB Ivan Rodriguez
|
0-0: Ball 1-0: SINGLE (Groundball, 56D, EV 105.6 MPH)
|
|
Batting: RHB Jeff Bagwell
|
0-0: Called Strike 0-1: Foul Ball, location: 2F 0-2: Ball 1-2: Ball 2-2: Strikes out swinging
|
|
Batting: RHB Tim Salmon
|
0-0: 2-RUN HOME RUN (Flyball, 8LXD, EV 105.6 MPH), Distance : 429 ft
|
|
Batting: LHB Paul O'Neill
|
0-0: Ball 1-0: Ground out U3 (Groundball, 3S, EV 88.8 MPH)
|
| Bottom of the 1st over - 2 runs, 2 hits, 0 errors, 0 left on base; Cincinnati 0 - Orlando 2 |
| TOP OF THE 2ND |
|
Cincinnati Reds batting - Pitching for Orlando Devil Rays : RHP Eric King
|
|
Batting: LHB Fred McGriff
|
0-0: Ball 1-0: Ball 2-0: Called Strike 2-1: Foul Ball, location: 2F 2-2: Ball 3-2: Strikes out swinging
|
|
Batting: SHB Scott Spiezio
|
0-0: SINGLE (Groundball, 34D, EV 111.3 MPH)
|
|
Batting: SHB Omar Vizquel
|
0-0: Fly out, F5 (Popup, 56S, EV 78.1 MPH)
|
|
Batting: SHB Dwayne Hosey
|
0-0: Ball 1-0: Called Strike 1-1: Ball 2-1: Ball 3-1: Foul Ball, location: 2F 3-2: Strikes out looking
|
| Top of the 2nd over - 0 runs, 1 hit, 0 errors, 1 left on base; Cincinnati 0 - Orlando 2 |
| BOTTOM OF THE 2ND |
|
Orlando Devil Rays batting - Pitching for Cincinnati Reds : RHP Mike Mussina
|
|
Batting: SHB Jose Valentin
|
0-0: Ball 1-0: Foul Ball, location: 2F 1-1: Foul Ball, location: 2F 1-2: Ball 2-2: Ball 3-2: Fly out, F6 (Popup, 6, EV 63.8 MPH)
|
|
Batting: LHB Lenny Dykstra
|
0-0: Ball 1-0: Called Strike 1-1: Ball 2-1: Foul Ball, location: 2F 2-2: Foul Ball, location: 2F 2-2: Ball 3-2: Base on Balls
|
|
Batting: RHB Jody Reed
|
0-0: Ground out 5-3 (Groundball, 56S, EV 66.3 MPH) Lenny Dykstra to second
|
|
Batting: SHB Jose Oquendo
|
0-0: Called Strike 0-1: Fly out, F9 (Flyball, 9, EV 86.9 MPH)
|
| Bottom of the 2nd over - 0 runs, 0 hits, 0 errors, 1 left on base; Cincinnati 0 - Orlando 2 |
| TOP OF THE 3RD |
|
Cincinnati Reds batting - Pitching for Orlando Devil Rays : RHP Eric King
|
|
Batting: LHB Fernando Vina
|
0-0: Ball 1-0: Ground out 1-3 (Groundball, 34S, EV 88.8 MPH)
|
|
Batting: RHB Scott Rolen
|
0-0: Called Strike 0-1: DOUBLE (Line Drive, 78D, EV 101.9 MPH)
|
|
Batting: SHB Bernie Williams
|
0-0: Ball 1-0: Called Strike 1-1: Ball 2-1: Foul Ball, location: 2F 2-2: Foul Ball, location: 2F 2-2: Ball 3-2: Base on Balls
|
|
Batting: LHB Bobby Higginson
|
0-0: Foul Ball, location: 2F 0-1: Ball 1-1: Called Strike 1-2: Ball 2-2: Strikes out swinging
|
|
Batting: RHB Javy Lopez
|
0-0: SINGLE (Line Drive, 78S, EV 99.4 MPH) Scott Rolen to third Bernie Williams to second Runner from 3rd tries for Home, SAFE, throw by CF to home
|
|
Batting: LHB Fred McGriff
|
0-0: Ball 1-0: Ball 2-0: Ball 3-0: Called Strike 3-1: Base on Balls Bernie Williams to third Javy Lopez to second
|
|
Batting: SHB Scott Spiezio
|
0-0: Called Strike 0-1: Ball 1-1: Called Strike 1-2: Strikes out looking
|
| Top of the 3rd over - 1 run, 2 hits, 0 errors, 3 left on base; Cincinnati 1 - Orlando 2 |
| BOTTOM OF THE 3RD |
|
Orlando Devil Rays batting - Pitching for Cincinnati Reds : RHP Mike Mussina
|
|
Batting: RHB Ron Gant
|
0-0: Foul Ball, location: 2F 0-1: Ground out 6-3 (Groundball, 6, EV 86.9 MPH)
|
|
Batting: RHB Ivan Rodriguez
|
0-0: Ball 1-0: Called Strike 1-1: Called Strike 1-2: Foul Ball, location: 2F 1-2: Strikes out swinging
|
|
Batting: RHB Jeff Bagwell
|
0-0: Ball 1-0: Ball 2-0: Called Strike 2-1: SOLO HOME RUN (Line Drive, 7LD, EV 104.4 MPH), Distance : 401 ft
|
|
Batting: RHB Tim Salmon
|
0-0: Called Strike 0-1: Swinging Strike 0-2: Strikes out swinging
|
| Bottom of the 3rd over - 1 run, 1 hit, 0 errors, 0 left on base; Cincinnati 1 - Orlando 3 |
| TOP OF THE 4TH |
|
Cincinnati Reds batting - Pitching for Orlando Devil Rays : RHP Eric King
|
|
Batting: SHB Omar Vizquel
|
0-0: Ball 1-0: Ball 2-0: Ground out 6-3 (Groundball, 4M, EV 82.5 MPH)
|
|
Batting: SHB Dwayne Hosey
|
0-0: Called Strike 0-1: Swinging Strike 0-2: Strikes out swinging
|
|
Batting: LHB Fernando Vina
|
0-0: Called Strike 0-1: Foul Ball, location: 2F 0-2: Fly out, F7 (Line Drive, 78S, EV 103.1 MPH)
|
| Top of the 4th over - 0 runs, 0 hits, 0 errors, 0 left on base; Cincinnati 1 - Orlando 3 |
| BOTTOM OF THE 4TH |
|
Orlando Devil Rays batting - Pitching for Cincinnati Reds : RHP Mike Mussina
|
|
Batting: LHB Paul O'Neill
|
0-0: Called Strike 0-1: Called Strike 0-2: Ball 1-2: Foul Ball, location: 2F 1-2: Ball 2-2: Ball 3-2: Fly out, F8 (Flyball, 78D, EV 95.0 MPH)
|
|
Batting: SHB Jose Valentin
|
0-0: Ball 1-0: Called Strike 1-1: Ball 2-1: Ground out 4-3 (Groundball, 34, EV 105.6 MPH)
|
|
Batting: LHB Lenny Dykstra
|
0-0: Swinging Strike 0-1: Swinging Strike 0-2: Foul Ball, location: 2F 0-2: Ball 1-2: Ball 2-2: Fly out, F7 (Flyball, 7, EV 94.4 MPH)
|
| Bottom of the 4th over - 0 runs, 0 hits, 0 errors, 0 left on base; Cincinnati 1 - Orlando 3 |
| TOP OF THE 5TH |
|
Cincinnati Reds batting - Pitching for Orlando Devil Rays : RHP Eric King
|
|
Batting: RHB Scott Rolen
|
0-0: Swinging Strike 0-1: Ball 1-1: Ball 2-1: Ball 3-1: Base on Balls
|
|
Batting: SHB Bernie Williams
|
0-0: Fly out, F7 (Line Drive, 7, EV 90.0 MPH)
|
|
Batting: LHB Bobby Higginson
|
0-0: Ball 1-0: Fly out, F8 (Flyball, 8RD, EV 73.1 MPH)
|
|
Batting: RHB Javy Lopez
|
0-0: Fielders Choice at 2nd, U4 (Groundball, 4M, EV 97.5 MPH)
|
| Top of the 5th over - 0 runs, 0 hits, 0 errors, 1 left on base; Cincinnati 1 - Orlando 3 |
| BOTTOM OF THE 5TH |
|
Orlando Devil Rays batting - Pitching for Cincinnati Reds : RHP Mike Mussina
|
|
Batting: RHB Jody Reed
|
0-0: Ball 1-0: Called Strike 1-1: Ball 2-1: Ball 3-1: Fly out, F9 (Flyball, 9LD, EV 105.6 MPH)
|
|
Batting: SHB Jose Oquendo
|
0-0: Ground out 1-3 (Groundball, 13S, EV 66.9 MPH)
|
|
Batting: RHB Ron Gant
|
0-0: Ball 1-0: Bunt for hit to 23 - play at first, batter OUT! 3-4
|
| Bottom of the 5th over - 0 runs, 0 hits, 0 errors, 0 left on base; Cincinnati 1 - Orlando 3 |
| TOP OF THE 6TH |
|
Cincinnati Reds batting - Pitching for Orlando Devil Rays : RHP Eric King
|
|
Batting: LHB Fred McGriff
|
0-0: Ball 1-0: Foul Ball, location: 2F 1-1: SINGLE (Line Drive, 8RS, EV 93.1 MPH)
|
|
Batting: SHB Scott Spiezio
|
0-0: Called Strike 0-1: Called Strike 0-2: Ball 1-2: Ball 2-2: Ball 3-2: DOUBLE (Flyball, 89XD, EV 93.8 MPH) Fred McGriff to third Fred McGriff scores
|
|
Batting: SHB Omar Vizquel
|
0-0: Ball 1-0: Bunted foul 1-1: Bunt missed! 1-2: Ball 2-2: Ground out 4-3 (Groundball, 4M, EV 87.5 MPH) Scott Spiezio to third
|
|
Pitching: RHP Scott Sullivan
|
|
|
Batting: SHB Dwayne Hosey
|
0-0: Ground out 4-3 (Groundball, 4, EV 101.3 MPH)
|
|
Batting: LHB Fernando Vina
|
0-0: Ball 1-0: Foul Ball, location: 2F 1-1: Hit by Pitch
|
|
Batting: RHB Scott Rolen
|
0-0: Swinging Strike 0-1: Ground out 6-3 (Groundball, 6, EV 85.6 MPH)
|
| Top of the 6th over - 1 run, 2 hits, 0 errors, 2 left on base; Cincinnati 2 - Orlando 3 |
| BOTTOM OF THE 6TH |
|
Orlando Devil Rays batting - Pitching for Cincinnati Reds : RHP Mike Mussina
|
|
Batting: RHB Ivan Rodriguez
|
0-0: Ball 1-0: Fly out, F4 (Flyball, 4D, EV 83.1 MPH)
|
|
Batting: RHB Jeff Bagwell
|
0-0: Called Strike 0-1: Swinging Strike 0-2: Strikes out swinging
|
|
Batting: RHB Tim Salmon
|
0-0: Ball 1-0: Called Strike 1-1: Ground out 5-3 (Groundball, 56S, EV 82.5 MPH)
|
| Bottom of the 6th over - 0 runs, 0 hits, 0 errors, 0 left on base; Cincinnati 2 - Orlando 3 |
| TOP OF THE 7TH |
|
Cincinnati Reds batting - Pitching for Orlando Devil Rays : RHP Scott Sullivan
|
|
Batting: SHB Bernie Williams
|
0-0: Ball 1-0: Ball 2-0: Called Strike 2-1: Foul Ball, location: 2F 2-2: Ball 3-2: SINGLE (Flyball, 8RS, EV 95.0 MPH)
|
|
Batting: LHB Bobby Higginson
|
0-0: Called Strike 0-1: Swinging Strike 0-2: Fielders Choice at 2nd, 4-6 (Groundball, 4MS, EV 91.3 MPH)
|
|
Batting: RHB Javy Lopez
|
0-0: Ball Pickoff Throw to First - Out! 1-3 1-0: Swinging Strike 1-1: Fly out, F4 (Flyball, 34D, EV 78.1 MPH)
|
| Top of the 7th over - 0 runs, 1 hit, 0 errors, 0 left on base; Cincinnati 2 - Orlando 3 |
| BOTTOM OF THE 7TH |
|
Orlando Devil Rays batting - Pitching for Cincinnati Reds : RHP Mike Mussina
|
|
Batting: LHB Paul O'Neill
|
0-0: Called Strike 0-1: Foul Ball, location: 2F 0-2: Ball 1-2: Strikes out swinging
|
|
Batting: SHB Jose Valentin
|
0-0: Ball 1-0: Ball 2-0: Foul Ball, location: 2F 2-1: Ball 3-1: Called Strike 3-2: Foul Ball, location: 2F 3-2: Fly out, F8 (Flyball, 8LD, EV 104.4 MPH)
|
|
Batting: LHB Lenny Dykstra
|
0-0: Foul Ball, location: 2F 0-1: Ball 1-1: Fly out, F9 (Flyball, 9S, EV 84.4 MPH)
|
| Bottom of the 7th over - 0 runs, 0 hits, 0 errors, 0 left on base; Cincinnati 2 - Orlando 3 |
| TOP OF THE 8TH |
|
Cincinnati Reds batting - Pitching for Orlando Devil Rays : RHP Scott Sullivan
|
|
Batting: LHB Fred McGriff
|
0-0: Called Strike 0-1: Foul Ball, location: 2F 0-2: Fly out, F8 (Flyball, 89M, EV 80.0 MPH)
|
|
Batting: SHB Scott Spiezio
|
0-0: Ball 1-0: Swinging Strike 1-1: Ball 2-1: Foul Ball, location: 2F 2-2: Ball 3-2: Foul Ball, location: 2F 3-2: Ground out 5-3 (Groundball, 56, EV 101.3 MPH)
|
|
Batting: SHB Omar Vizquel
|
0-0: SINGLE (Groundball, 34D, EV 100.6 MPH)
|
|
Pitching: RHP Alan Benes
|
|
|
Pinch Hitting: LHB Matt Lawton
|
0-0: Swinging Strike 0-1: Ball 1-1: Ball 2-1: Called Strike 2-2: Foul Ball, location: 2F 2-2: Ball 3-2: Foul Ball, location: 2F 3-2: Foul Ball, location: 2F 3-2: Foul Ball, location: 2F 3-2: Base on Balls Omar Vizquel to second
|
|
Pinch Runner at 2nd Miguel Cairo:
|
|
|
Batting: LHB Fernando Vina
|
0-0: Ball 1-0: Ball 2-0: Ball 3-0: Base on Balls Miguel Cairo to third Matt Lawton to second
|
|
Batting: RHB Scott Rolen
|
0-0: Ball 1-0: Swinging Strike 1-1: DOUBLE (Line Drive, 9LS, EV 104.4 MPH) Miguel Cairo scores Matt Lawton scores Fernando Vina to third Runner from 3rd tries for Home, SAFE, throw by RF to trailing runner, OUT at third! 9-4-5
|
| Top of the 8th over - 3 runs, 2 hits, 0 errors, 0 left on base; Cincinnati 5 - Orlando 3 |
| BOTTOM OF THE 8TH |
|
Orlando Devil Rays batting - Pitching for Cincinnati Reds : RHP Mike Mussina
|
|
Pitching: RHP Doug Henry
|
|
|
Now at SS: Jose Offerman
|
|
|
Now in RF: Matt Lawton
|
|
|
Batting: RHB Jody Reed
|
0-0: Foul Ball, location: 2F 0-1: Ball 1-1: Foul Ball, location: 2F 1-2: Strikes out looking
|
|
Batting: SHB Jose Oquendo
|
0-0: Called Strike 0-1: Ball 1-1: Ball 2-1: Ground out 5-3 (Groundball, 56, EV 88.1 MPH)
|
|
Batting: RHB Ron Gant
|
0-0: Ball 1-0: Ball 2-0: Called Strike 2-1: Foul Ball, location: 2F 2-2: Foul Ball, location: 2F 2-2: Ball 3-2: SINGLE (Flyball, 89M, EV 99.4 MPH)
|
|
Batting: RHB Ivan Rodriguez
|
0-0: DOUBLE (Line Drive, 3D, EV 98.1 MPH) Ron Gant to third Runner from 3rd tries for Home, SAFE, throw by RF to trailing runner, SAFE at third!
|
|
Batting: RHB Jeff Bagwell
|
0-0: Ball 1-0: Foul Ball, location: 2F 1-1: Called Strike 1-2: Ball 2-2: Strikes out swinging
|
| Bottom of the 8th over - 1 run, 2 hits, 0 errors, 1 left on base; Cincinnati 5 - Orlando 4 |
| TOP OF THE 9TH |
|
Cincinnati Reds batting - Pitching for Orlando Devil Rays : RHP Alan Benes
|
|
Batting: SHB Bernie Williams
|
0-0: Ball 1-0: Called Strike 1-1: Fly out, F8 (Line Drive, 8LM, EV 111.3 MPH)
|
|
Batting: LHB Bobby Higginson
|
0-0: Ball 1-0: Ball 2-0: Fly out, F8 (Flyball, 8RD, EV 105.6 MPH)
|
|
Batting: RHB Javy Lopez
|
0-0: Called Strike 0-1: Foul Ball, location: 2F 0-2: Fly out, F9 (Line Drive, 9D, EV 86.3 MPH)
|
| Top of the 9th over - 0 runs, 0 hits, 0 errors, 0 left on base; Cincinnati 5 - Orlando 4 |
| BOTTOM OF THE 9TH |
|
Orlando Devil Rays batting - Pitching for Cincinnati Reds : RHP Doug Henry
|
|
Batting: RHB Tim Salmon
|
0-0: Fly out, F9 (Flyball, 9S, EV 72.5 MPH)
|
|
Batting: LHB Paul O'Neill
|
0-0: Called Strike 0-1: Ball 1-1: Ball 2-1: Ball 3-1: Swinging Strike 3-2: Strikes out swinging
|
|
Batting: SHB Jose Valentin
|
0-0: Called Strike 0-1: Swinging Strike 0-2: Strikes out swinging
|
| Bottom of the 9th over - 0 runs, 0 hits, 0 errors, 0 left on base; Cincinnati 5 - Orlando 4 |
|